 Dungeon Crawl Stone Soup version 0.31-a0-271-gb88eb75e06 (webtiles) character file.

Game seed: 11034844796489685153

114900 Shard1697 the Metamorph (level 16, 0/157 HPs)
             Began as a White Draconian Hedge Wizard on July 14, 2023.
             Was the Champion of Hepliaklqana.
             Slain by a lorocyproca (6 damage)
             ... on level 3 of the Abyss on July 15, 2023.
             The game lasted 00:49:46 (22519 turns).

Shard1697 the Metamorph (DrHW)                     Turns: 22519, Time: 00:49:46

Health: 0/157      AC: 33    Str: 16    XL:     16   Next: 17%
Magic:  0/23       EV: 19    Int: 17    God:    Hepliaklqana [******]
Gold:   1138       SH: 11    Dex: 13    Spells: 20/21 levels left

rFire   + .          .
                       - Unarmed
rCold   + + .        S - +2 kite shield {rPois}
rNeg    + . .        (body armour unavailable)
rPois   ∞            a - +2 hat
rElec   +            m - scarf {rC+ rF+}
rCorr   .            N - melded +0 pair of gloves
SInv    .            v - melded +2 pair of boots
Will    +....        (no amulet)
Stlth   ++           y - +5 ring of evasion
HPRegen 0.46/turn    w - ring of wizardry
MPRegen 0.18/turn

%: wizardry (x1)
@: about to teleport, statue-form, very slow
A: slow and powerful, torment resistance 1, boosted hp, reduced essence,
(breathe frost), AC +9, unfitting armour, cold resistance 1, cold-blooded
a: Begin Untransformation, Renounce Religion, Recall Ancestor, Ancestor
Identity, Transference, Idealise


You were on level 3 of the Abyss.
You worshipped Hepliaklqana.
Hepliaklqana was exalted by your worship.
You were a living statue of rough stone.
You visited 2 branches of the dungeon, and saw 20 of its levels.
You visited the Abyss 1 time.
You also visited: Sewer.

You collected 1612 gold pieces.
You spent 474 gold pieces at shops.

Inventory:

Missiles
 H - 3 throwing nets
Armour
 a - a +2 hat (worn)
 m - a scarf of resistance (worn)
 v - a +2 pair of boots (melded)
 N - a +0 pair of gloves (melded)
 S - a +2 kite shield of poison resistance (worn)
Jewellery
 n - a ring of positive energy
 o - a ring of protection from cold
 w - a ring of wizardry (right fist)
 y - a +5 ring of evasion (left fist)
 B - an amulet of faith
 F - a ring of protection from fire
 Q - a ring of see invisible
Talismans
 d - a granite talisman
 h - a blade talisman
 j - a maw talisman
Wands
 l - a wand of roots (11)
 t - a wand of acid (10)
 z - a wand of mindburst (1)
 I - a wand of paralysis (22)
 J - a wand of polymorph (3)
 P - a wand of digging (9)
 T - a wand of flame (12)
Scrolls
 b - 3 scrolls of identify
 f - a scroll of vulnerability
 p - 5 scrolls of teleportation
 s - 2 scrolls of torment
 x - 2 scrolls of enchant weapon
 C - 6 scrolls of fear
 G - 2 scrolls of blinking
 K - 3 scrolls of fog
 M - 3 scrolls of revelation
 O - a scroll of summoning
 U - 3 scrolls of silence
Potions
 c - 4 potions of magic
 e - 3 potions of curing
 g - a potion of degeneration
 i - 3 potions of lignification
 k - 4 potions of brilliance
 r - 8 potions of mutation
 u - a potion of haste
 A - 3 potions of enlightenment
 D - 2 potions of resistance
 E - a potion of invisibility
 L - a potion of cancellation


   Skills:
 - Level 10.3 Fighting
 + Level 9.4 Dodging
 - Level 1.7 Stealth
 + Level 3.9 Shields
 * Level 14.7 Unarmed Combat
 - Level 3.0 Spellcasting
 - Level 1.3 Conjurations
 - Level 2.2 Summonings
 - Level 1.0 Translocations
 + Level 9.4 Invocations
 - Level 15.0 Shapeshifting


You had 20 spell levels left.
You knew the following spells:

 Your Spells              Type           Power      Damage    Failure   Level
a - Magic Dart            Conj           28%        1d4       12%         1

Your spell library contained the following spells:

 Spells                   Type           Power      Damage    Failure   Level
 Call Imp                 Summ           20%        N/A       12%         2
 Apportation              Tloc           10%        N/A       13%         1
 Slow                     Hex            8%         N/A       19%         1
 Blink                    Tloc           10%        N/A       19%         2
 Lesser Beckoning         Tloc           10%        N/A       19%         2
 Call Canine Familiar     Summ           10%        N/A       22%         3
 Cigotuvi's Dreadful Rot  Necr/Pois/Air  4%         N/A       28%         2
 Wereblood                Tmut           2%         N/A       28%         2
 Gell's Gravitas          Tloc           5%         N/A       34%         3
 Teleport Other           Tloc           5%         N/A       34%         3
 Dazzling Flash           Conj/Hex       8%         N/A       38%         3
 Hailstorm                Conj/Ice       4%         3d4       38%         3
 Portal Projectile        Hex/Tloc       8%         N/A       41%         3
 Volatile Blastmotes      Fire/Tloc      8%         2d10      41%         3
 Mephitic Cloud           Conj/Pois/Air  4%         N/A       43%         3
 Summon Ice Beast         Ice/Summ       6%         N/A       73%         4
 Manifold Assault         Tloc           5%         N/A       75%         4
 Leda's Liquefaction      Hex/Erth       1%         N/A       86%         4
 Petrify                  Tmut/Erth      2%         N/A       86%         4
 Summon Forest            Summ/Tloc      4%         N/A       93%         5
 Summon Mana Viper        Hex/Summ       6%         N/A       96%         5
 Irradiate                Conj/Tmut      2%         3d12      98%         5
 Alistair's Intoxication  Tmut/Pois      1%         N/A       99%         5
 Eringya's Noxious Bog    Tmut/Pois      1%         4d6       100%        6
 Simulacrum               Ice/Necr       1%         N/A       100%        6
 Starburst                Conj/Fire      2%         6d3       100%        6
 Summon Cactus Giant      Summ           5%         N/A       100%        6
 Summon Hydra             Summ           5%         N/A       100%        7
 Maxwell's Capacitive Co  Air            1%         ∞         100%        8
 Sublimation of Blood     Necr           Unusable   N/A       N/A         2

Dungeon Overview and Level Annotations

Branches:
Dungeon (15/15)            Temple (0/1) D:5            Lair (5/5) D:10
 Shoals (0/4) Lair:3        Snake (0/4) Lair:3        Slime (0/5) Lair:5
    Orc (0/2) D:10         Vaults (0/5) D:14         Depths (0/4) D:15
  Sewer (visited)

Altars:
Ashenzari
Cheibriados
Dithmenos
Elyvilon
Fedhas
Gozag
Hepliaklqana
Makhleb
Nemelex Xobeh
Okawaru
Sif Muna
Uskayaw
Vehumet
Xom
Zin
Jiyva

Shops:
D:10 *!


Innate Abilities, Weirdness & Mutations

You are a living statue of rough stone.
Your actions are slow, but your melee attacks are powerful.
You are resistant to unholy torment.
Your maximum health is greatly increased.
Your equipment is partially melded.
Your life essence is reduced to manifest your ancestor. (-10% HP)
((You can breathe waves of freezing cold which knock back foes.))
((Your icy white scales are hard. (AC +9)))
You cannot fit into any form of body armour.
You are immune to poison.
Your flesh is cold resistant. (rC+)
You are cold-blooded and may be slowed by cold attacks.


Message History

You feel your power leaking away.
The rakshasa weaves an illusion.
You closely miss something. Something hits you!
Something hits you but does no damage.
You punch the rakshasa!
Your tail-slap misses the rakshasa.
The rakshasa is severely wounded.
The rakshasa weaves an illusion.
The rakshasa gestures at you. The lance of force misses you.
The lance of force hits something!
Something hits you but does no damage.
You pummel the rakshasa!!
You kill the rakshasa!
The rakshasa shimmers and vanishes!
The white imp gestures at you.
The puff of frost hits something.
Something hits you!
* * * LOW HITPOINT WARNING * * *
You feel your power leaking away.
As you read the scroll of teleportation, it crumbles to dust.
You feel strangely unstable.
You feel the power of the Abyss delaying your translocation!
Something hits you.
* * * LOW HITPOINT WARNING * * *
The iron imp closely misses you.
You pummel the iron imp!!
You kill the iron imp!
Something hits you!
* * * LOW HITPOINT WARNING * * *
Something barely misses you.
You feel better. Something hits you but does no damage.
You closely miss something. You tail-slap something.
Something hits you but does no damage. x2
You closely miss something.
Your tail-slap misses something.
Something hits you but does no damage.
You pummel something!! You tail-slap something. Something hits you!
* * * LOW HITPOINT WARNING * * *
You feel your power leaking away.
You closely miss something. You tail-slap something. Something hits you!!
* * * LOW HITPOINT WARNING * * *
You feel your power leaking away. Something hits you.
You die...

. # . #.
.#.#. # ...
.....X####
. # # #
#{8.## # .
#
.....5###.#
#. ... ~
##.#. .
#..5 ..# .
~ #. ..
.#...###
...#...# .
..# ~ .# #
# ### ..###
...#. #
#..# . ~ .
#...#.# # #


You could see a large abomination and a white imp.

Vanquished Creatures
  A lich (Abyss:3)
  A tentacled starspawn (Abyss:3)
  An azure jelly (Lair:5)
  A frost giant (D:13)
  A dire elephant (Abyss:3)
  Snorg (D:10)
  An ettin (D:15)
  A fire dragon (Lair:5)
  Harold (D:10)
  Fannar (D:10)
  3 vault guards (D:14)
  2 centaur warriors
  5 hydras
  2 death knights
  Urug (Lair:1)
  2 tengu warriors
  2 two-headed ogres
  2 thrashing horrors (Abyss:3)
  A skyshark (Lair:5)
  3 skeletal warriors
  A swamp dragon (Lair:5)
  A deep troll (D:15)
  3 deep elf pyromancers
  An orc sorcerer (D:15)
  3 worldbinders (Abyss:3)
  2 orc knights
  A manticore (D:11)
  An ugly thing (D:11)
  3 cyclopes
  An elephant (Lair:5)
  A torpor snail (Lair:4)
  2 gargoyles
  9 cane toads
  Maggie (D:9)
  3 large abominations (Abyss:3)
  2 yaktaurs (D:13)
  5 rime drakes
  A yaktaur (shapeshifter) (D:13)
  A tengu conjurer (D:14)
  6 komodo dragons
  An ancient zyme (Abyss:3)
  A red devil (D:11)
  A meliai (D:15)
  A hellwing (D:11)
  2 polar bears (Lair:5)
  A hornet (D:10)
  4 trolls
  20 blink frogs
  7 dream sheep (Lair:4)
  10 slime creatures
  A centaur simulacrum (D:13)
  A spriggan (D:7)
  Sigmund (D:6)
  44 yaks
  Eustachio (D:6)
  3 basilisks
  6 wyverns
  2 wraiths
  3 steam dragons
  A neqoxec (D:11)
  A redback (D:13)
  3 vampire mosquitoes
  A naga (Lair:3)
  2 wargs (D:10)
  9 water moccasins
  2 acid dragons
  An ice beast (D:7)
  Pargi (Sewer)
  3 orc warriors
  3 black bears
  2 ogres
  A sky beast (D:5)
  6 centaurs
  27 wolves
  A phantom (D:5)
  2 kobold brigands
  7 bullfrogs
  A small abomination (Abyss:3)
  2 scorpions
  13 wights
  An electric eel (Lair:2)
  6 howler monkeys
  A gnoll bouda (D:6)
  A jelly (Abyss:3)
  A sleepcap (D:5)
  4 hounds
  2 orc priests
  An iron imp (Abyss:3)
  An iguana (Lair:5)
  9 orc wizards
  A mummy (D:8)
  6 gnolls
  5 adders
  A river rat (D:4)
  2 white imps
  4 ufetubi
  6 dart slugs
  34 orcs
  8 ball pythons
  5 endoplasms
  A giant cockroach (D:2)
  4 goblins
  8 hobgoblins
  9 kobolds
  5 quokkas
  8 bats
  A frilled lizard (D:5)
  3 rats (D:1)
418 creatures vanquished.

Vanquished Creatures (collateral kills)
  Rupert (Lair:3)
  A great orb of eyes (Abyss:3)
  A vault guard (D:14)
  Erica (D:10)
  2 catoblepae
  3 hydras
  A satyr (Abyss:3)
  Sonja (D:10)
  A deep elf archer (D:14)
  Pikel (D:5)
  A necromancer (D:15)
  A deep elf pyromancer (D:12)
  2 elephants (Lair:5)
  A water nymph (Abyss:3)
  A black mamba (Lair:2)
  An orange demon (D:11)
  2 cane toads
  A merfolk siren (Lair:3)
  2 gargoyles (D:13)
  5 unseen horrors
  A komodo dragon (Lair:5)
  3 rime drakes
  A tengu conjurer (D:14)
  A troll (D:14)
  2 meliai (D:15)
  4 blink frogs
  A hornet (D:9)
  A raiju (Abyss:3)
  2 dream sheep (Lair:4)
  8 slime creatures
  2 shadows
  A wyvern (D:11)
  A water elemental (D:15)
  11 yaks
  A human (D:14)
  2 basilisks
  A vampire mosquito (D:10)
  2 nagas (Lair:3)
  An acid dragon (Lair:5)
  5 water moccasins
  An orc warrior (D:15)
  An ogre (D:6)
  7 wolves
  2 centaurs
  4 wights
  A howler monkey (D:12)
  A crimson imp (D:12)
  An orc priest (D:10)
  An iguana (D:5)
  4 orc wizards
  5 gnolls
  An adder (D:3)
  A white imp (D:12)
  2 worms
  9 orcs
  4 bats (Sewer)
  An endoplasm (D:2)
  A goblin (D:1)
  3 hobgoblins
  2 jackals (D:4)
  5 kobolds
  3 quokkas
  4 ball pythons
  6 frilled lizards
151 creatures vanquished.

Vanquished Creatures (others)
  10 knights
  2 ancestors (D:3)
  2 starspawn tentacles (Abyss:3)
14 creatures vanquished.

Grand Total: 583 creatures vanquished

Notes
Turn   | Place    | Note
-------+----------+-------------------------------------------
     0 | D:1      | Shard1697 the Draconian Hedge Wizard began the quest for
                  | the Orb.
     0 | D:1      | Reached XP level 1. HP: 14/14 MP: 4/4
   255 | D:1      | Reached XP level 2. HP: 11/20 MP: 0/6
   330 | D:1      | Learned a level 2 spell: Call Imp
   390 | D:1      | Reached skill level 1 in Unarmed Combat
   837 | D:1      | Reached XP level 3. HP: 26/26 MP: 7/7
  1389 | D:2      | Found a faded altar of an unknown god.
  1395 | D:2      | Prayed at the altar of an unknown god.
  1395 | D:2      | Became a worshipper of Hepliaklqana the Forgotten
  1395 | D:2      | Reached * piety under Hepliaklqana
  1580 | D:2      | Reached skill level 1 in Shapeshifting
  1669 | D:3      | Reached XP level 4. HP: 28/29 MP: 8/8
  2149 | D:3      | Reached ** piety under Hepliaklqana
  2150 | D:3      | Remembered your ancestor idiot as a knight
  2385 | D:3      | Reached XP level 5. HP: 31/34 MP: 9/9
  2474 | D:4      | Found an opulent altar of Gozag.
  2499 | D:4      | Found a glowing silver altar of Zin.
  2499 | D:4      | Found a white marble altar of Elyvilon.
  2561 | D:4      | Reached skill level 2 in Shapeshifting
  2615 | D:4      | Found a glowing drain.
  2620 | Sewer    | Entered a sewer
  2648 | Sewer    | Noticed Pargi
  2664 | Sewer    | Killed Pargi
  2665 | Sewer    | Reached XP level 6. HP: 39/40 MP: 10/10
  2808 | D:4      | Found a burning altar of Makhleb.
  2813 | D:4      | Found a hide-covered altar of Uskayaw.
  2826 | D:4      | Found a shimmering blue altar of Sif Muna.
  2826 | D:4      | Found a broken altar of Ashenzari.
  2827 | D:4      | Found a shimmering altar of Xom.
  2830 | D:4      | Found a shadowy altar of Dithmenos.
  2835 | D:4      | Reached skill level 3 in Shapeshifting
  2837 | D:4      | Found a blossoming altar of Fedhas.
  2851 | D:4      | Found a sparkling altar of Nemelex Xobeh.
  3230 | D:5      | Entered Level 5 of the Dungeon
  3230 | D:5      | Noticed a water moccasin
  3243 | D:5      | Killed a water moccasin
  3244 | D:5      | Reached skill level 4 in Shapeshifting
  3244 | D:5      | Your scales start taking on an icy white colour.
  3244 | D:5      | Reached XP level 7. HP: 11/45 MP: 11/11
  3244 | D:5      | Gained mutation: Your flesh is cold resistant. (rC+) [White
                  | Draconian growth]
  3403 | D:5      | Found a staircase to the Ecumenical Temple.
  3405 | D:5      | Noticed Pikel
  3423 | D:5      | Killed Pikel
  3424 | D:5      | Reached skill level 6 in Shapeshifting
  3587 | D:5      | Reached XP level 8. HP: 51/51 MP: 12/12
  3865 | D:5      | Reached skill level 7 in Shapeshifting
  4037 | D:5      | Reached *** piety under Hepliaklqana
  4881 | D:5      | Reached skill level 1 in Fighting
  4975 | D:6      | Reached skill level 5 in Unarmed Combat
  4985 | D:6      | Noticed Sigmund
  4996 | D:6      | Killed Sigmund
  4997 | D:6      | Reached XP level 9. HP: 49/63 MP: 13/13
  5167 | D:6      | Reached skill level 8 in Shapeshifting
  5637 | D:6      | Noticed Eustachio
  5645 | D:6      | Killed Eustachio
  5694 | D:6      | Identified the +3 hand axe "Iquapudusch" {vamp, rF+ rCorr}
  5864 | D:6      | Reached skill level 5 in Fighting
  6388 | D:7      | Reached **** piety under Hepliaklqana
  6888 | D:8      | Found a snail-covered altar of Cheibriados.
  6937 | D:8      | Found an iron altar of Okawaru.
  7041 | D:8      | Reached XP level 10. HP: 71/75 MP: 14/14
  8362 | D:9      | Noticed a two-headed ogre
  8370 | D:9      | Killed a two-headed ogre
  8371 | D:9      | Reached skill level 9 in Shapeshifting
  8449 | D:9      | Noticed Maggie
  8467 | D:9      | Killed Maggie
  9233 | D:10     | Entered Level 10 of the Dungeon
  9265 | D:10     | Reached ***** piety under Hepliaklqana
  9269 | D:10     | Found a staircase to the Lair.
  9300 | D:10     | Noticed Snorg
  9305 | D:10     | Reached XP level 11. HP: 85/87 MP: 15/15
  9325 | D:10     | Killed Snorg
  9577 | D:10     | Found a staircase to the Orcish Mines.
  9598 | D:10     | HP: 4/89 [vampire mosquito (4)]
  9602 | D:10     | Reached skill level 10 in Unarmed Combat
  9738 | D:10     | Noticed Fannar
  9752 | D:10     | Killed Fannar
  9753 | D:10     | Reached skill level 10 in Fighting
 10123 | D:10     | Noticed Harold
 10133 | D:10     | Killed Harold
 10241 | D:10     | Found a hazy altar of Hepliaklqana.
 10272 | D:10     | Found Hopryeri's Distillery.
 10280 | D:10     | Bought a potion of heal wounds for 65 gold pieces
 10280 | D:10     | Bought a potion of haste for 130 gold pieces
 10280 | D:10     | Bought a potion of curing for 39 gold pieces
 10280 | D:10     | Bought a potion of resistance for 130 gold pieces
 10358 | D:10     | Found Furr's General Store.
 10363 | D:10     | Bought a potion of mutation for 80 gold pieces
 10363 | D:10     | Bought a scroll of teleportation for 30 gold pieces
 10422 | D:10     | Noticed Sonja
 10427 | D:10     | Killed Sonja
 10564 | D:10     | Noticed Erica
 10583 | D:10     | Killed Erica
 11155 | D:11     | Noticed a two-headed ogre
 11167 | D:11     | Noticed a brown ugly thing
 11168 | D:11     | Killed a two-headed ogre
 11181 | D:11     | Killed a brown ugly thing
 11943 | D:11     | Reached skill level 10 in Shapeshifting
 11943 | D:11     | Reached XP level 12. HP: 84/96 MP: 16/16
 12167 | Lair:1   | Entered Level 1 of the Lair of Beasts
 12421 | Lair:1   | Noticed Urug
 12555 | Lair:1   | Killed Urug
 12586 | Lair:1   | Reached skill level 11 in Shapeshifting
 13466 | Lair:1   | Reached skill level 12 in Shapeshifting
 14661 | Lair:2   | Reached skill level 13 in Shapeshifting
 15265 | Lair:3   | Found a staircase to the Snake Pit.
 15458 | Lair:3   | Noticed Rupert
 15488 | Lair:3   | Reached XP level 13. HP: 102/102 MP: 17/17
 16053 | Lair:3   | Found a staircase to the Shoals.
 16789 | Lair:4   | Reached skill level 14 in Shapeshifting
 16917 | Lair:4   | Reached ****** piety under Hepliaklqana
 17007 | Lair:4   | You fall into a shaft and drop 1 floor!
 17007 | Lair:5   | Entered Level 5 of the Lair of Beasts
 17142 | Lair:5   | Reached skill level 15 in Shapeshifting
 17261 | Lair:5   | Reached skill level 1 in Invocations
 17322 | Lair:5   | Reached skill level 5 in Dodging
 17506 | Lair:5   | Found a runed translucent door.
 17525 | Lair:5   | Found a viscous altar of Jiyva.
 17528 | Lair:5   | Noticed an azure jelly
 17529 | Lair:5   | Found a staircase to the Slime Pits.
 17688 | Lair:5   | Reached XP level 14. HP: 109/109 MP: 18/18
 17779 | Lair:5   | Identified the +6 glaive of Iru Atumn {spect, rPois Will-
                  | MP+9 Dex+2}
 17944 | Lair:5   | Killed an azure jelly
 18118 | Lair:3   | Killed Rupert
 18119 | Lair:3   | Reached skill level 5 in Invocations
 18636 | D:12     | Reached XP level 15. HP: 114/114 MP: 19/19
 19742 | D:13     | Noticed a frost giant
 19753 | D:13     | Killed a frost giant
 20360 | D:14     | Found a radiant altar of Vehumet.
 20538 | D:14     | Reached skill level 1 in Shields
 20902 | D:14     | Found a gate to the Vaults.
 21075 | D:15     | Entered Level 15 of the Dungeon
 21650 | D:15     | Found a staircase to the Depths.
 22185 | Abyss:2  | Cast into level 2 of the Abyss (a wizard)
 22298 | Abyss:3  | Noticed a tentacled starspawn
 22305 | Abyss:3  | Killed a tentacled starspawn
 22306 | Abyss:3  | Reached XP level 16. HP: 121/121 MP: 22/22
 22400 | Abyss:3  | Noticed a deep elf blademaster
 22447 | Abyss:3  | Noticed a lich
 22483 | Abyss:3  | Killed a lich
 22519 | Abyss:3  | HP: 6/157 [something (19)]
 22519 | Abyss:3  | Slain by a lorocyproca

Illustrated notes

Levels and vault maps discovered:
D:1:      co_arrival_random_square_maze, layout_loops_ring
D:2:      layout_basic, serial_shops, nicolae_shop_statue_plus, serial_forest,
          infiniplex_forest_lined_3, infiniplex_forest_straight_3,
          infiniplex_forest_corner_1, infiniplex_forest_clump_tiny,
          infiniplex_forest_clump_C, infiniplex_forest_clump_C,
          infiniplex_forest_lined_2, dreamdust_ecumenical_altar_grove,
          minivault_14
D:3:      layout_basic
D:4:      layout_rooms, nicolae_overflow_hallway_of_the_gods,
          gup_sewer_entry_spiral
D:5:      layout_basic, minmay_temple_entry_large_hall,
          chequers_serial_rivers_micro_e, minmay_lizard_king, uniq_pikel
D:6:      layout_gridville, nicolae_titane, uniq_eustachio, uniq_sigmund
D:7:      layout_loops_ring, the_hattery
D:8:      layout_cave_pods, overflow_temple_1_default, slow_altar_1,
          grunt_ministairs_4, serial_park_tiny_1
D:9:      layout_long_grid, uniq_maggie
D:10:     layout_long_grid, worldfamousw_hep_ancestral_shrine, lair_entry_dummy,
          erik_orc_4, serial_shops, shop, shop_statue, minivault_26,
          nicolae_sextant, uniq_fannar, uniq_sonja, uniq_harold, uniq_erica,
          uniq_snorg
D:11:     layout_loops_ring, dreamdust_wishing_well, nicolae_neqoxec_dot_bat
D:12:     layout_small_grid, minmay_fire_ice_demons
D:13:     minmay_two_paths, layout_cave_pools
D:14:     layout_irregular_city, grunt_vaults_entry_fortified,
          nicolae_vehumet_altar_sigil, hangedman_abyss_or_decor_clamps
D:15:     hangedman_depths_entry_civil_slaughter, layout_layer_cave,
          hangedman_decor_growths, serial_bayou, serial_bayou_pond_c,
          serial_bayou_pond_c, serial_bayou_shore_b, serial_bayou_crossing
Lair:1:   layout_hall_layers, uniq_urug
Lair:2:   layout_cave_pods, infiniplex_staircase_pool, serial_bayou_shore_a
Lair:3:   layout_cave_shapes, minmay_shoals_entry_lonely_mermaid,
          minmay_snake_entry_guardpost_small, lemuel_fruit_tree, uniq_rupert
Lair:4:   layout_roguey
Lair:5:   guppyfry_lair_end_dragon, layout_long_grid, wormcave, slime_entry_2,
          minivault_19
Abyss:3:  base: D:15, evilmike_abyss_exit_10, evilmike_abyss_exit_10,
          minivault_24, grunt_abyss_rune_forest_and_sorcery,
          grunt_abyss_rune_forest_and_sorcery, spicy_abyss_planar_alliance,
          evilmike_abyss_exit_16, hangedman_abyss_or_decor_lesser_grid

Skill      XL: |  1  2  3  4  5  6  7  8  9 10 11 12 13 14 15 |
---------------+----------------------------------------------+-----
Unarmed Combat | 1 2 3 4 5 7 9 11 12 14 | 14.7
Summonings     | 2 |  2.2
Shapeshifting  | 1 2 4 6 7 8 9 10 13 15 | 15.0
Fighting       | 3 6 9 10 | 10.3
Dodging        | 2 4 5 7 9 |  9.4
Invocations    | 3 6 9 |  9.4
Shields        | 3 |  3.9
Stealth        | |  1.7
Spellcasting   | |  3.0
Conjurations   | |  1.3
Translocations | |  1.0

Action                     |  1- 3 |  4- 6 |  7- 9 | 10-12 | 13-15 | 16-18 || total
---------------------------+-------+-------+-------+-------+-------+-------++-------
  Melee: Dagger            |    25 |    85 |    56 |       |       |       ||   166
         Tailslap          |     9 |    16 |    20 |    65 |    95 |    16 ||   221
         Long sword        |    58 |    42 |       |       |       |       ||   100
         Short sword       |    15 |       |       |       |       |       ||    15
         Punch             |       |     1 |     9 |    22 |    42 |       ||    74
         Unarmed           |       |       |   142 |   461 |   557 |    81 ||  1241
         Maw               |       |       |       |       |     1 |    21 ||    22
   Cast: Magic Dart        |    19 |       |       |       |       |       ||    19
         Call Imp          |     4 |     4 |     2 |       |       |       ||    10
 Invoke: Ancestor Identity |     1 |       |       |       |       |       ||     1
         Ancestor Life: Kn |       |     1 |       |       |       |       ||     1
         Recall Ancestor   |       |       |       |       |     3 |       ||     3
         Idealise          |       |       |       |       |     2 |     1 ||     3
Ability: Begin Untransform |       |       |       |       |     2 |       ||     2
  Evoke: Wand              |       |       |       |     3 |     3 |       ||     6
    Use: Potion            |       |     1 |     2 |     6 |     4 |     6 ||    19
         Scroll            |       |    11 |     2 |    13 |    10 |     2 ||    38
   Stab: Sleeping          |     5 |     3 |     4 |     1 |     1 |     1 ||    15
         Distracted        |       |       |       |     2 |     8 |       ||    10
         Paralysed         |       |       |       |     1 |       |       ||     1
         Invisible         |       |       |       |       |       |     3 ||     3
 Armour: Skin              |    31 |    61 |    82 |    80 |   490 |    25 ||   769
  Dodge: Dodged            |    77 |   111 |   121 |   418 |   796 |    56 ||  1579
  Block: Kite shield       |       |       |       |       |   118 |    37 ||   155
   Form: Blade             |       |       |     1 |     2 |       |       ||     3
                           |       |       |       |     2 |       |       ||     2
         Statue            |       |       |       |       |     2 |     1 ||     3
         Maw               |       |       |       |       |     1 |       ||     1

Table legend: (Time is in decaauts)
 A = Elapsed time spent in this place.
 B = Non-inter-level travel time spent in this place.
 C = Inter-level travel time spent in this place.
 D = Time resting spent in this place.
 E = Time spent auto-exploring this place.
 F = Levels seen in this place.
 G = Mean time per level.
                   A        B        C        D        E       F      G
               +--------+--------+--------+--------+--------+-----+--------+
         Total |  25158 |  24371 |    787 |   3672 |  15724 |  23 | 1093.8 |
       Dungeon |  17933 |  17379 |    554 |   2490 |  11630 |  15 | 1195.5 |
          Lair |   6803 |   6571 |    232 |   1174 |   4090 |   5 | 1360.6 |
         Abyss |    329 |    329 |      0 |      8 |      0 |   2 |  164.5 |
         Sewer |     91 |     91 |      0 |      0 |      3 |   1 |   91.0 |
               +--------+--------+--------+--------+--------+-----+--------+

Top non-repeatable levels by time:
    D:10: 2083 daAuts
    D:15: 1664 daAuts
  Lair:1: 1613 daAuts
     D:5: 1533 daAuts
  Lair:5: 1526 daAuts
  Lair:2: 1514 daAuts
    D:14: 1346 daAuts
    D:13: 1307 daAuts
    D:12: 1266 daAuts
  Lair:3: 1263 daAuts
     D:9: 1214 daAuts
    D:11: 1082 daAuts
     D:8: 1081 daAuts
     D:7: 1004 daAuts
     D:6: 987 daAuts
